 Dungeon Crawl Stone Soup version 0.23.2-1-ga50397a6bc (webtiles) character file.

Game seed: 13214768994644493

7806 Gargoyl the Cleaver (level 11, -6/91 HPs)
             Began as a Centaur Abyssal Knight on May 26, 2019.
             Was an Elder of Lugonu.
             Mangled by a manticore (11 damage)
             ... on level 10 of the Dungeon.
             The game lasted 00:15:49 (12311 turns).

Gargoyl the Cleaver (Centaur Abyssal Knight)       Turns: 12311, Time: 00:15:49

Health: -6/91      AC: 15    Str: 14 (17) XL:     11   Next: 1%
Magic:  0/16       EV:  6    Int: 13 (16) God:    Lugonu [****..]
Gold:   699        SH:  0    Dex:  9 (12) Spells: 10/10 levels left

rFire    + + .     SeeInvis .   a - +6 hand axe
rCold    + + .     Gourm    .   (no shield)
rNeg     . . .     Faith    .   e - +3 chain mail
rPois    +         Spirit   +   (no helmet)
rElec    +         Reflect  .   p - scarf {rC+ rF+}
rCorr    +         Harm     .   (no gloves)
MR       .....                  (no barding)
Stlth    ..........             f - amulet of guardian spirit
HPRegen  0.25/turn              d - +3 ring of protection
MPRegen  0.15/turn              j - +2 ring of dexterity

@: brilliant, resistant, very quick
A: large, hooves 3, deformed body, speed 2, tough skin 3
a: Depart the Abyss, Bend Space, Banish, Corrupt, Renounce Religion


You were on level 10 of the Dungeon.
You worshipped Lugonu.
Lugonu was greatly pleased with you.
You were not hungry.

You visited 2 branches of the dungeon, and saw 12 of its levels.
You visited the Abyss 1 time.
You also visited: Ossuary.

You collected 699 gold pieces.

Inventory:

Hand Weapons
 a - a +6 hand axe (weapon)
Armour
 e - a +3 chain mail (worn)
 k - a +1 hat
 p - a scarf of resistance (worn)
Jewellery
 d - a +3 ring of protection (left hand)
 f - an amulet of guardian spirit (around neck)
 j - a +2 ring of dexterity (right hand)
Wands
 x - a wand of enslavement (6)
Scrolls
 i - 3 scrolls of amnesia
 n - a scroll of identify
 q - 6 scrolls of teleportation
 t - 5 scrolls of remove curse
 u - a scroll of magic mapping
Potions
 h - 2 potions of agility
 l - 3 potions of might
 m - a potion of haste
 r - 2 potions of cancellation
 s - 4 potions of degeneration
 w - a potion of resistance
Comestibles
 c - 19 rations
 z - 3 chunks of flesh


   Skills:
 + Level 6.5 Fighting
 + Level 8.7 Axes
 * Level 7.4 Armour
 * Level 4.9 Dodging
 * Level 7.2 Invocations


You had 10 spell levels left.
You didn't know any spells.
Your spell library contained the following spells:

 Spells                   Type           Power        Failure   Level  Hunger
 Flame Tongue             Conj/Fire      #....        43%         1    ##.....
 Freeze                   Ice            #...         43%         1    ##.....
 Infusion                 Chrm           #...         43%         1    ##.....
 Shroud of Golubria       Chrm/Tloc      #.........   56%         2    ###....
 Song of Slaying          Chrm           #.......     56%         2    ###....
 Throw Flame              Conj/Fire      #.....       56%         2    ###....
 Throw Frost              Conj/Ice       #.....       56%         2    ###....
 Conjure Flame            Conj/Fire      #.......     77%         3    ####...
 Inner Flame              Hex/Fire       #.......     77%         3    ####...
 Ozocubu's Armour         Chrm/Ice       #.......     77%         3    ####...
 Regeneration             Chrm/Necr      #.........   77%         3    ####...
 Spectral Weapon          Hex/Chrm       #.......     77%         3    ####...
 Sticky Flame             Conj/Fire      #.......     98%         4    #####..
 Summon Ice Beast         Ice/Summ       #.......     98%         4    #####..
 Throw Icicle             Conj/Ice       #.......     98%         4    #####..
 Fireball                 Conj/Fire      #.........   100%        5    ######.


Dungeon Overview and Level Annotations

Branches:
Dungeon (11/15)            Temple (0/1) D:6            Lair (1/6) D:9
    Orc (0/2) D:10

Altars:
Ashenzari
Hepliaklqana
Makhleb
Okawaru
Qazlal
Ru
Sif Muna
Uskayaw
Wu Jian


Innate Abilities, Weirdness & Mutations

You have hooves in place of feet.
Armour fits poorly on your strangely shaped body.
You cover ground very quickly.
You have extremely tough skin. (AC +3)


Message History

The manticore is severely wounded.
You carefully extract the barbed spikes from your body.
The manticore bites you!
* * * LOW HITPOINT WARNING * * *
The manticore completely misses you. The manticore claws you.
* * * LOW HITPOINT WARNING * * *
You feel better. The manticore bites you!
* * * LOW HITPOINT WARNING * * *
The manticore claws you.
* * * LOW HITPOINT WARNING * * *
The manticore barely misses you.
You hit the manticore.
The manticore is severely wounded.
The manticore bites you but does no damage.
The manticore claws you but does no damage.
The manticore completely misses you.
You closely miss the manticore.
The manticore is severely wounded.
The manticore bites you!
You die...

...###....................#
.....#........(#####......#
.....#.........#...'......#
##...#.######..#...#......####
.#...#.# #.[#...#.........#
.#...#.# #..###(#.........#
.#...#.# #................#
.#...'.# #................#
##...'.# #..(@H...........#
.....#.######.....>..........#
...###..........(รท.(.........#
####.........................#
..............########[......#
..............#......####....#
###.....).....#.........#....#
#...........'....<....#....#
####........#.........#....#


You could see a manticore.

Vanquished Creatures
  Harold (D:8)
  Psyche (D:9)
  A komodo dragon (D:9)
  A kobold demonologist (D:10)
  A troll (D:9)
  2 hippogriffs
  A spriggan (D:7)
  A wyvern (D:10)
  2 yaks
  5 humans (D:10)
  3 hungry ghosts
  A water moccasin (D:10)
  A black bear (D:9)
  A sky beast (D:8)
  5 ogres
  A centaur (D:5)
  A big kobold (D:7)
  6 bullfrogs
  A wyvern skeleton (D:7)
  2 scorpions
  9 killer bees
  8 howler monkeys
  3 crimson imps
  A quasit (D:10)
  2 hounds
  3 jellies
  A centaur skeleton (D:8)
  6 orc priests
  A bullfrog skeleton (D:7)
  5 orc wizards
  2 iguanas
  7 worker ants
  A hound zombie (D:9)
  3 hound skeletons
  8 mummies (Ossuary)
  10 adders
  6 gnolls
  2 shadow imps
  3 oozes
  An adder zombie (D:9)
  2 worms
  3 adder skeletons
  A dart slug (D:2)
  6 leopard geckos
  29 orcs
  2 ball pythons
  8 giant cockroaches
  11 goblins
  10 hobgoblins
  8 quokkas
  5 bats
  6 frilled lizards
  2 hobgoblin zombies (Ossuary)
  14 kobolds
  4 kobold zombies (Ossuary)
  2 orc zombies (Ossuary)
  A quokka skeleton (D:6)
  5 rats
239 creatures vanquished.

Vanquished Creatures (others)
  A spiny frog (D:9)
  An orc warrior (D:5)
  A plant (D:9)
3 creatures vanquished.

Grand Total: 242 creatures vanquished

Notes
Turn   | Place    | Note
-------+----------+-------------------------------------------
     0 | Abyss:1  | Gargoyl the Centaur Abyssal Knight began the quest for the
                  | Orb.
     0 | Abyss:1  | Reached XP level 1. HP: 19/19 MP: 2/2
    41 | Abyss:1  | Noticed a ynoxinul
    42 | D:1      | Escaped the Abyss
    99 | D:1      | Reached XP level 2. HP: 25/26 MP: 3/3
   240 | D:1      | Reached skill level 1 in Dodging
   314 | D:1      | Reached * piety under Lugonu
   356 | D:1      | Reached skill level 2 in Axes
   443 | D:1      | Reached XP level 3. HP: 31/31 MP: 4/4
  1035 | D:2      | Found a deep blue altar of Sif Muna.
  1434 | D:3      | Reached XP level 4. HP: 31/40 MP: 5/5
  2108 | D:3      | Reached XP level 5. HP: 46/46 MP: 7/7
  2148 | D:3      | Reached ** piety under Lugonu
  2225 | D:3      | Reached skill level 3 in Axes
  2424 | D:4      | Found a sand-covered staircase.
  2432 | Ossuary  | Entered an ossuary
  2651 | Ossuary  | Reached XP level 6. HP: 40/52 MP: 6/8
  3009 | D:4      | Reached skill level 4 in Axes
  3239 | D:4      | You fall through a shaft!
  3239 | D:5      | Entered Level 5 of the Dungeon
  3332 | D:5      | Reached *** piety under Lugonu
  3350 | D:5      | Reached XP level 7. HP: 45/59 MP: 7/9
  4474 | D:6      | Reached skill level 5 in Axes
  4577 | D:6      | Found a shattered altar of Ashenzari.
  4640 | D:6      | Reached XP level 8. HP: 43/67 MP: 7/11
  5055 | D:6      | Found a staircase to the Ecumenical Temple.
  5396 | D:7      | Noticed a hippogriff
  5403 | D:7      | Killed a hippogriff
  5403 | D:7      | Reached skill level 6 in Axes
  5581 | D:7      | Found an iron altar of Okawaru.
  5661 | D:7      | Found a stormy altar of Qazlal.
  5783 | D:7      | Reached skill level 5 in Fighting
  5783 | D:7      | Reached skill level 5 in Invocations
  5977 | D:7      | Reached **** piety under Lugonu
  6153 | D:7      | Reached XP level 9. HP: 50/74 MP: 7/12
  6374 | D:7      | Found an ornate altar of the Wu Jian Council.
  6842 | D:8      | Noticed a two-headed ogre
  6844 | D:8      | Banished a two-headed ogre
  6869 | D:8      | Reached skill level 5 in Armour
  6968 | D:8      | Noticed Harold
  6986 | D:8      | Killed Harold
  6986 | D:8      | Reached skill level 7 in Axes
  7624 | D:8      | Found a hazy altar of Hepliaklqana.
  7831 | D:8      | Found a hide-covered altar of Uskayaw.
  8176 | D:8      | Reached XP level 10. HP: 40/83 MP: 9/14
  8479 | D:9      | Found a burning altar of Makhleb.
  8550 | D:9      | Noticed Psyche
  8568 | D:9      | Killed Psyche
  9283 | D:9      | Found a staircase to the Lair.
  9902 | D:9      | Reached skill level 8 in Axes
 10169 | D:9      | Found a sacrificial altar of Ru.
 10447 | Lair:1   | Entered Level 1 of the Lair of Beasts
 10447 | Lair:1   | Noticed a spiny frog
 10464 | D:9      | Banished a spiny frog
 10800 | D:10     | Entered Level 10 of the Dungeon
 11516 | D:10     | Found a staircase to the Orcish Mines.
 12194 | D:11     | Noticed a manticore
 12201 | D:11     | Noticed a gargoyle
 12290 | D:10     | Reached XP level 11. HP: 30/91 MP: 2/16
 12291 | D:10     | HP: 3/91 [manticore (5)]
 12291 | D:10     | HP: 1/91 [manticore (2)]
 12311 | D:10     | Mangled by a manticore

Skill      XL: |  1  2  3  4  5  6  7  8  9 10 |
---------------+-------------------------------+-----
Dodging        | 1 2 3 4 |  4.9
Axes           | 2 3 4 5 6 7 8 |  8.7
Armour         | 2 3 4 5 7 |  7.4
Invocations    | 3 4 5 6 7 |  7.2
Fighting       | 4 5 6 |  6.5

Action                   |  1- 3 |  4- 6 |  7- 9 | 10-12 || total
-------------------------+-------+-------+-------+-------++-------
Melee: Hand axe          |    83 |   171 |   328 |   271 ||   853
       Kick              |    14 |    35 |    71 |    61 ||   181
Invok: Depart the Abyss  |     1 |       |       |       ||     1
       Banish            |       |       |     2 |     1 ||     3
  Use: Scroll            |     5 |    11 |     4 |     8 ||    28
       Potion            |       |     2 |     1 |    14 ||    17
 Stab: Invisible         |       |       |       |     1 ||     1
  Eat: Chunk             |       |     3 |    13 |     9 ||    25
       Ration            |       |     1 |     2 |     2 ||     5
Armor: Chain mail        |    44 |   139 |   217 |   202 ||   602
       Leather armour    |     1 |       |       |       ||     1
       Skin              |       |    14 |       |       ||    14
Dodge: Dodged            |    20 |    54 |    90 |   102 ||   266
